 Dungeon Crawl Stone Soup version 0.25-a0-591-g2ad0d861f1 (webtiles) character file.

Game seed: 5629052470396112081, levelgen mode: deterministic

85 Mgcat the Conjurer (level 4, -3/24 HPs)
             Began as a Gargoyle Conjurer on Mar 14, 2020.
             Slain by a worm (9 damage)
             ... on level 2 of the Dungeon.
             The game lasted 00:03:04 (1587 turns).

Mgcat the Conjurer (Gargoyle Conjurer)              Turns: 1587, Time: 00:03:04

Health: -3/24      AC:  5    Str: 11    XL:     4   Next: 48%
Magic:  0/8        EV: 12    Int: 17    God:
Gold:   68         SH:  0    Dex: 10    Spells: 5/8 levels left

rFire    . . .     SeeInvis .   b - +0 short sword
rCold    . . .     Gourm    .   (no shield)
rNeg     + . .     Faith    .   a - +0 robe
rPois    ∞         Spirit   .   (no helmet)
rElec    +         Reflect  .   (no cloak)
rCorr    .         Harm     .   (no gloves)
MR       .....                  (no boots)
Stlth    ++........             (no amulet)
HPRegen  0.08/turn              (no ring)
MPRegen  0.11/turn              (no ring)

@: no status effects
A: negative energy resistance 1, electricity resistance, unbreathing,
petrification resistance, rot immunity, AC +3
a: no special abilities


You were on level 2 of the Dungeon.
You were hungry.

You visited 1 branch of the dungeon, and saw 2 of its levels.

You collected 68 gold pieces.

Inventory:

Hand Weapons
 b - a +0 short sword (weapon)
   (You took it off a kobold on level 1 of the Dungeon)
Armour
 a - a +0 robe (worn)
Scrolls
 g - 4 scrolls of identify {unknown}
 i - a scroll of immolation {unknown}
 j - a scroll of blinking {unknown}
Potions
 e - a potion of berserk rage {unknown}
 f - a potion of mutation {unknown}
 h - a potion of brilliance {unknown}
 k - a potion of curing {unknown}
Comestibles
 c - 5 rations


   Skills:
 - Level 1.5 Dodging
 + Level 3.6 Stealth
 + Level 2.9 Spellcasting
 + Level 5.1 Conjurations


You had 5 spell levels left.
You knew the following spells:

 Your Spells              Type           Power        Failure   Level  Hunger
a - Magic Dart            Conj           ###.         2%          1    #......
b - Searing Ray           Conj           ###...       3%          2    ##.....

Your spell library contained the following spells:

 Spells                   Type           Power        Failure   Level  Hunger
 Dazzling Flash           Conj/Hex       ##....       19%         3    ###....
 Fulminant Prism          Conj/Hex       ##........   52%         4    #####..
 Iskenderun's Mystic Bla  Conj/Tloc      ##......     52%         4    #####..


Dungeon Overview and Level Annotations

Branches:
Dungeon (2/15)

Altars:

Annotations:
D:2 2 exclusions, Sigmund


Innate Abilities, Weirdness & Mutations

You are resistant to torment.
Your stone body is resilient. (AC +3)
You are immune to poison.
You resist negative energy. (rN+)
You are resistant to electric shocks. (rElec)
You can survive without breathing.
You are immune to petrification.
You are immune to rotting.


Message History

Aim: Jessica, wearing a +0 robe (severely wounded)
The magic dart hits Jessica.
Jessica is almost dead.
Jessica mumbles some strange words.
Jessica seems to speed up.
You now have 4/8 mp.
Casting: Magic Dart (safe; 2% risk of failure)
Confirm with . or Enter, or press ? or * to list all spells.
Aiming: Magic Dart (safe; 2% risk of failure)
Press: ? - help, Shift-Dir - straight line, f/p - Jessica
Aim: Jessica, wearing a +0 robe (almost dead, fast)
The magic dart hits Jessica.
You kill Jessica!
You now have 3/8 mp.
A worm comes into view.
Spoiler Alert: The worm (wandering) can hit for moderate damage in melee!
Unknown command.
Lua error: [string "/dgldir/rcfiles/crawl-git/Mgcat.rc"]:930: invalid capture index Unknown command.
Lua error: [string "/dgldir/rcfiles/crawl-git/Mgcat.rc"]:930: invalid capture index Unknown command.
Lua error: [string "/dgldir/rcfiles/crawl-git/Mgcat.rc"]:930: invalid capture index
Casting: Magic Dart (safe; 2% risk of failure)
Confirm with . or Enter, or press ? or * to list all spells.
Aiming: Magic Dart (safe; 2% risk of failure)
Press: ? - help, Shift-Dir - straight line, f - worm
Aim: a worm (hasn't noticed you)
The magic dart hits the worm.
The worm is moderately wounded.
You now have 3/8 mp.
Spoiler Alert: The worm can hit for moderate damage in melee!
Casting: Magic Dart (safe; 2% risk of failure)
Confirm with . or Enter, or press ? or * to list all spells.
Aiming: Magic Dart (safe; 2% risk of failure)
Press: ? - help, Shift-Dir - straight line, f/p - worm
Aim: a worm (moderately wounded)
The magic dart hits the worm.
The worm is heavily wounded.
You now have 2/8 mp.
Casting: Magic Dart (safe; 2% risk of failure)
Confirm with . or Enter, or press ? or * to list all spells.
You can't see any susceptible monsters within range! (Use Z to cast anyway.)
Casting: Magic Dart (safe; 2% risk of failure)
Confirm with . or Enter, or press ? or * to list all spells.
You can't see any susceptible monsters within range! (Use Z to cast anyway.)
Casting: Magic Dart (safe; 2% risk of failure)
Confirm with . or Enter, or press ? or * to list all spells.
You can't see any susceptible monsters within range! (Use Z to cast anyway.)
Casting: Magic Dart (safe; 2% risk of failure)
Confirm with . or Enter, or press ? or * to list all spells.
You can't see any susceptible monsters within range! (Use Z to cast anyway.)
Casting: Magic Dart (safe; 2% risk of failure)
Confirm with . or Enter, or press ? or * to list all spells.
You can't see any susceptible monsters within range! (Use Z to cast anyway.) Spoiler Alert: The worm can hit for moderate damage in melee!
Casting: Magic Dart (safe; 2% risk of failure)
Confirm with . or Enter, or press ? or * to list all spells.
Aiming: Magic Dart (safe; 2% risk of failure)
Press: ? - help, Shift-Dir - straight line, f/p - worm
Aim: a worm (moderately wounded)
The magic dart hits the worm.
The worm is heavily wounded.
You now have 1/8 mp.
Spoiler Alert: The worm can hit for moderate damage in melee!
Casting: Magic Dart (safe; 2% risk of failure)
Confirm with . or Enter, or press ? or * to list all spells.
Aiming: Magic Dart (safe; 2% risk of failure)
Press: ? - help, Shift-Dir - straight line, f/p - worm
Aim: a worm (heavily wounded)
The magic dart hits the worm but does no damage.
The worm is heavily wounded.
Spoiler Alert: The worm can hit for moderate damage in melee!
You barely miss the worm.
The worm is heavily wounded.
Casting: Magic Dart (safe; 2% risk of failure)
Confirm with . or Enter, or press ? or * to list all spells.
Aiming: Magic Dart (safe; 2% risk of failure)
Press: ? - help, Shift-Dir - straight line, f/p - worm
Aim: a worm (heavily wounded)
The magic dart hits the worm.
The worm is severely wounded.
The worm completely misses you.
You now have 0/8 mp.
Spoiler Alert: The worm can hit for moderate damage in melee!
You barely miss the worm.
The worm is heavily wounded.
The worm bites you.
You take 5 damage, and have 16/24 hp.
MASSIVE DAMAGE!!
You hit the worm.
The worm is heavily wounded.
Spoiler Alert: The worm can hit for moderate damage in melee!
You hit the worm.
The worm is severely wounded.
The worm bites you!
* * * LOW HITPOINT WARNING * * *
You take 10 damage, and have 6/24 hp.
MASSIVE DAMAGE!!
You barely miss the worm.
The worm is severely wounded.
The worm bites you!
You die...

#.# ##........(...........
#.# ###...........#+#......
#.###........######.#......
#...'..................#...
#####..................#...
#.............÷........
##.....................
#..............<......
#....@................
######w...............
##[#####......... ##..
.......... ........##....
.....#.. ...# .....#.. ....
...


You could see a worm.

Vanquished Creatures
  Jessica (D:2)
  3 adders (D:2)
  An ooze (D:2)
  A worm (D:1)
  A dart slug (D:2)
  A leopard gecko (D:2)
  A giant cockroach (D:1)
  2 goblins (D:1)
  3 hobgoblins
  2 kobolds (D:1)
  3 bats
  A frilled lizard (D:2)
  6 rats
26 creatures vanquished.

Notes
Turn   | Place    | Note
-------+----------+-------------------------------------------
     0 | D:1      | Mgcat the Gargoyle Conjurer began the quest for the Orb.
     0 | D:1      | Reached XP level 1. HP: 10/10 MP: 3/3
   395 | D:1      | Reached XP level 2. HP: 14/15 MP: 1/5
   453 | D:1      | Learned a level 2 spell: Searing Ray
   845 | D:2      | Noticed Sigmund
   991 | D:2      | Reached skill level 3 in Stealth
   991 | D:2      | Reached XP level 3. HP: 19/19 MP: 3/6
  1490 | D:2      | Reached skill level 5 in Conjurations
  1490 | D:2      | Reached XP level 4. HP: 24/24 MP: 2/8
  1563 | D:2      | Noticed Jessica
  1568 | D:2      | Killed Jessica
  1586 | D:2      | HP: 6/24 [worm (10)]
  1587 | D:2      | Slain by a worm

Levels and vault maps discovered:
D:1:      minmay_arrival_doors, layout_basic, minmay_misc_feat_cross,
          st_stairs_13, supply_closet_lemuel, ebering_dispersal_statue_hall
D:2:      kb_forest_paths, layout_basic, lemuel_round_altar,
          lemuel_old_faithful, uniq_sigmund, uniq_jessica

Skill      XL: |  1  2  3 |
---------------+----------+-----
Stealth        | 3 |  3.6
Conjurations   | 5 |  5.1
Dodging        | |  1.5
Spellcasting   | |  2.9

Action                   |  1- 3 |  4- 6 || total
-------------------------+-------+-------++-------
Melee: Unarmed           |    12 |       ||    12
       Short sword       |    28 |     5 ||    33
 Cast: Magic Dart        |    58 |    11 ||    69
  Eat: Chunk             |     2 |       ||     2
Armor: Robe              |    17 |       ||    17
Dodge: Dodged            |    34 |     1 ||    35

Table legend:
 A = Non-vault XP
 B = Vault XP
 C = Vault XP percentage of total XP
 D = Non-vault monster count
 E = Vault monster count
 F = Vault count percentage of total count
                 A         B        C        D         E       F
            +---------+---------+-------+---------+---------+-------
      Total |      84 |      38 |  31.1 |      24 |       2 |   7.7
            +---------+---------+-------+---------+---------+-------
        D:1 |      23 |       1 |   4.2 |      13 |       1 |   7.1
        D:2 |      61 |      37 |  37.8 |      11 |       1 |   8.3
            +---------+---------+-------+---------+---------+-------

Levels and vault maps discovered:
D:1:      minmay_arrival_doors, layout_basic, minmay_misc_feat_cross,
          st_stairs_13, supply_closet_lemuel, ebering_dispersal_statue_hall
D:2:      kb_forest_paths, layout_basic, lemuel_round_altar,
          lemuel_old_faithful, uniq_sigmund, uniq_jessica

Table legend:
 A = Turns spent in this place as a percentage of turns spent in the entire game.
 B = Non-inter-level travel turns spent in this place as a percentage of non-inter-level travel turns spent in the entire game.
 C = Inter-level travel turns spent in this place as a percentage of turns spent in this place.
 D = Turns resting spent in this place as a percentage of non-inter-level travel turns spent in this place.
 E = Turns spent auto-exploring this place as a percentage of non-inter-level travel turns spent in this place.
 F = Non-inter-level travel turns spent in this place divided by the number of levels of this place that you've seen.
                   A       B       C       D       E      F
               +-------+-------+-------+-------+-------+----------------------
         Total | 100.0 | 100.0 |   6.4 |  19.2 |  63.2 | 743.0
       Dungeon | 100.0 | 100.0 |   6.4 |  19.2 |  63.2 | 743.0
               +-------+-------+-------+-------+-------+----------------------

Table legend:
 A = Kills in this place as a percentage of kills in entire the game.
 B = Kills by you in this place as a percentage of kills by you in the entire game.
 C = Kills by friends in this place as a percentage of kills by friends in the entire game.
 D = Other kills in this place as a percentage of other kills in the entire game.
 E = Experience gained in this place as a percentage of experience gained in the entire game.
 F = Experience gained in this place divided by the number of levels of this place that you have seen.
                   A       B       C       D       E      F
               +-------+-------+-------+-------+-------+----------------------
         Total | 100.0 | 100.0 |   N/A |   N/A | 100.0 |  61.0
       Dungeon | 100.0 | 100.0 |   N/A |   N/A | 100.0 |  61.0
               +-------+-------+-------+-------+-------+----------------------
